 Dungeon Crawl Stone Soup version 0.18.1-48-g4cf74bf (webtiles) character file.

450 WarriorsX the Skirmisher (level 7, -7/58 HPs)
             Began as a Human Fighter on July 27, 2016.
             Mangled by Menkaure (11 damage)
             ... on level 4 of the Dungeon.
             The game lasted 00:11:00 (2505 turns).

WarriorsX the Skirmisher (Human Fighter)            Turns: 2505, Time: 00:11:02

Health: -7/58      AC: 13    Str: 19    XL:     7   Next: 25%
Magic:  7/7        EV:  3    Int: 10    God:
Gold:   243        SH:  9    Dex: 12    Spells: 0 memorised, 6 levels left

rFire  . . .     SeeInvis .     h - +1 whip (venom)
rCold  . . .     Gourm    .     p - +0 plate armour
rNeg   . . .     Faith    .     c - +0 shield
rPois  .         Spirit   .     (no helmet)
rElec  .         Dismiss  .     v - +0 cloak
rCorr  .         Reflect  .     (no gloves)
SustAt .         Harm     .     (no boots)
MR     .....                    j - amulet of magic regeneration
Stlth  ..........               (no ring)
                                m - +2 ring of intelligence

@: drained, not resistant to hostile enchantments, extremely unstealthy
A: no striking features
a: no special abilities


You were on level 4 of the Dungeon.
You were hungry.

You visited 1 branch of the dungeon, and saw 4 of its levels.

You collected 243 gold pieces.

Inventory:

Hand Weapons
 a - a +1 long sword
 h - a +1 whip of venom (weapon)
 u - a +3 quarterstaff of chaos
Armour
 c - a +0 shield (worn)
 p - a +0 plate armour (worn)
 v - a +0 cloak (worn)
Magical Staves
 q - an uncursed staff of poison {unknown}
Jewellery
 j - an amulet of magic regeneration (around neck)
 m - a +2 ring of intelligence (left hand)
 w - an uncursed ring of positive energy {unknown}
Wands
 l - a wand of random effects (26/48)
 s - a wand of flame (6/48)
Scrolls
 g - 3 scrolls of enchant weapon
 k - a scroll of identify
 n - a scroll of remove curse
Potions
 d - a potion of might
 e - 4 potions of curing
 i - a potion of ambrosia {unknown}
 o - a potion of degeneration {unknown}
 t - a potion of magic {unknown}
Comestibles
 b - 2 meat rations
 f - a bread ration
 r - 2 fruits


   Skills:
 - Level 6.1(5.7) Fighting
 - Level 2.0(1.7) Long Blades
 - Level 1.4(1.1) Maces & Flails
 + Level 5.1(4.8) Armour
 + Level 0.7(0.4) Stealth
 - Level 3.0(2.6) Shields


You had 6 spell levels left.
You didn't know any spells.

Dungeon Overview and Level Annotations

Branches:
Dungeon (4/15)
 Temple: D:4-7

Altars:

Shops:
D:4 %

Annotations:
D:4 Menkaure; Situis's ghost, amateur OgBe


Message History

Menkaure is moderately damaged.
Menkaure calls on the powers of darkness!
Your body is wracked with pain!
* * * LOW HITPOINT WARNING * * *
You hit Menkaure.
Menkaure is moderately damaged.
Menkaure barely misses you.
You hit Menkaure.
Menkaure is heavily damaged.
You block the wight's attack. Menkaure casts a spell at you.
You struggle to resist.
You hit Menkaure.
Menkaure is severely damaged.
You block the wight's attack. The wight hits you with a great sword!
* * * LOW HITPOINT WARNING * * *
You feel drained.
* * * LOW HITPOINT WARNING * * *
Menkaure hits you!
You die...

#.....#............##.#
#..............)...##.#
#####...###..........##.#
..................#..##.#
..###.#####.............#
.(# #.# ...........#####
#.# #.# ###.........#
#...#.. #.#......##
###...# #..z@..# . ...#
#..Mz..# # #.# #...z....#
... #...#..#.# ..
..........# ....#....###
##.#......# ..#.## .##


You could see Menkaure and 3 wights.

Vanquished Creatures
  The ghost of TBriggs11TB the Poker, an amateur MfBe of Trog (D:3)
  Crazy Yiuf (D:3)
  2 orc wizards (D:3)
  Natasha (thrice) (D:2)
  Ijyb (D:3)
  A worker ant (D:4)
  Terence (D:2)
  5 adders
  6 worms
  2 dart slugs
  A giant gecko (D:2)
  6 orcs
  5 bats
  3 giant cockroaches
  4 goblins
  8 hobgoblins
  6 giant newts
  6 kobolds
  7 rats
69 creatures vanquished.

Notes
Turn   | Place    | Note
--------------------------------------------------------------
     0 | D:1      | WarriorsX the Human Fighter began the quest for the Orb.
     0 | D:1      | Reached XP level 1. HP: 18/18 MP: 1/1
   108 | D:1      | Reached XP level 2. HP: 24/24 MP: 2/2
   482 | D:2      | Reached skill level 4 in Fighting
   482 | D:2      | Reached XP level 3. HP: 30/30 MP: 3/3
   581 | D:2      | Noticed Natasha
   589 | D:2      | Killed Natasha
   589 | D:2      | Reached skill level 1 in Maces & Flails
   589 | D:2      | Reached XP level 4. HP: 28/38 MP: 4/4
   659 | D:2      | Noticed Natasha
   664 | D:2      | Killed Natasha
   745 | D:2      | Noticed Terence
   790 | D:2      | Reached XP level 5. HP: 43/43 MP: 5/5
   817 | D:2      | Killed Terence
   817 | D:2      | Reached skill level 5 in Fighting
   926 | D:2      | Noticed Natasha
   945 | D:2      | Killed Natasha
  1222 | D:3      | Noticed Ijyb
  1235 | D:3      | Killed Ijyb
  1235 | D:3      | Reached XP level 6. HP: 50/51 MP: 6/6
  1602 | D:3      | Noticed TBriggs11TB's ghost (amateur MfBe)
  1660 | D:3      | Killed TBriggs11TB's ghost
  1660 | D:3      | Reached skill level 6 in Fighting
  2125 | D:3      | Reached XP level 7. HP: 58/58 MP: 7/7
  2246 | D:3      | Noticed Crazy Yiuf
  2273 | D:3      | Killed Crazy Yiuf
  2347 | D:4      | Noticed Situis's ghost (amateur OgBe)
  2364 | D:4      | Found Seufom's Food Boutique.
  2454 | D:4      | Reached skill level 5 in Armour
  2496 | D:4      | Noticed Menkaure
  2505 | D:4      | Mangled by Menkaure

Skill      XL: |  1  2  3  4  5  6  7 |
---------------+----------------------+-----
Fighting       | 4 5 6 |  6.1
Maces & Flails | 1 |  1.4
Armour         | 4 5 |  5.1
Long Blades    | |  2.0
Stealth        | |  0.7
Shields        | |  3.0

Action                   |  1- 3 |  4- 6 |  7- 9 || total
-------------------------+-------+-------+-------++-------
Melee: Long sword        |    16 |       |       ||    16
       Whip              |    47 |   234 |    38 ||   319
  Use: Scroll            |     3 |     4 |     1 ||     8
       Potion            |     1 |     2 |       ||     3
  Eat: Chunk             |       |     4 |     1 ||     5
Armor: Scale mail        |    27 |    10 |       ||    37
       Plate armour      |       |   100 |    13 ||   113
Dodge: Dodged            |    17 |    26 |     4 ||    47
Block: Shield            |    28 |    99 |     9 ||   136
